 Dungeon Crawl Stone Soup version 0.26-a0-30-g56b8cd3df0 (webtiles) character file.

Game seed: 15763347094665598448, levelgen mode: deterministic

133 grindst0ne the Covert (level 4, -3/22 HPs)
             Began as a Spriggan Assassin on May 30, 2020.
             Slain by a river rat (8 damage)
             ... on level 3 of the Dungeon.
             The game lasted 00:03:51 (2645 turns).

grindst0ne the Covert (Spriggan Assassin)           Turns: 2645, Time: 00:03:51

Health: -3/22      AC:  3    Str:  7    XL:     4   Next: 93%
Magic:  5/5        EV: 22    Int: 12    God:
Gold:   126        SH:  0    Dex: 24    Spells: 3/3 levels left

rFire    . . .     SeeInvis +   a - +2 dagger
rCold    . . .     Gourm    .   (shield restricted)
rNeg     . . .     Faith    .   b - +0 robe
rPois    .         Spirit   .   (helmet restricted)
rElec    .         Reflect  .   c - +0 cloak
rCorr    .         Harm     .   (gloves unavailable)
MR       .....                  (boots unavailable)
Stlth    ++++......             (no amulet)
HPRegen  0.07/turn              k - +6 ring of dexterity
MPRegen  0.09/turn              (no ring)

@: very quick
A: very small, unfitting armour, see invisible, herbivore, speed 3, slow
metabolism 2
a: no special abilities


You were on level 3 of the Dungeon.
You were not hungry.

You visited 1 branch of the dungeon, and saw 3 of its levels.

You collected 126 gold pieces.

Inventory:

Hand Weapons
 a - a +2 dagger (weapon)
Missiles
 d - 22 poisoned darts (quivered)
 e - 2 curare-tipped darts
Armour
 b - a +0 robe (worn)
 c - a +0 cloak (worn)
Jewellery
 k - a +6 ring of dexterity (left hand)
Scrolls
 g - a scroll of teleportation {unknown}
 j - 3 scrolls of magic mapping {unknown}
 l - a scroll of immolation {unknown}
 m - 2 scrolls of identify {unknown}
 n - a scroll of random uselessness {unknown}
 p - a scroll of noise {unknown}
Potions
 h - a potion of ambrosia {unknown}
 i - a potion of haste {unknown}
 o - a potion of lignification {unknown}
Comestibles
 f - 5 rations


   Skills:
 - Level 1.5 Fighting
 - Level 2.1 Short Blades
 - Level 2.0 Throwing
 + Level 5.0 Dodging
 + Level 8.0 Stealth


You had 3 spell levels left.
You didn't know any spells.
Your spell library was empty.

Dungeon Overview and Level Annotations

Branches:
Dungeon (3/15)

Altars:

Portals:
Sewer: D:3


Innate Abilities, Weirdness & Mutations

You are very small and have problems with some larger weapons.
You are too small for most types of armour.
You have supernaturally acute eyesight. (SInv)
You are a herbivore.
You cover ground extremely quickly.
You need to consume almost no food.


Message History

Press: ? - help, Shift-Dir - straight line, f/p - river rat
Aim: a river rat You throw a poisoned dart.
The poisoned dart hits the river rat.
The river rat is poisoned.
Throwing (i - inventory. (/) - cycle)
d - 24 poisoned darts (quivered)
Press: ? - help, Shift-Dir - straight line, f/p - river rat
Aim: a river rat (lightly wounded, poisoned)
You throw a poisoned dart. The poisoned dart hits the river rat.
The river rat is lightly wounded.
You see here a worm corpse.
Throwing (i - inventory. (/) - cycle)
d - 23 poisoned darts (quivered)
Press: ? - help, Shift-Dir - straight line, f/p - river rat
Aim: a river rat (lightly wounded, poisoned)
You throw a poisoned dart. The poisoned dart hits the river rat.
The river rat looks even sicker.
The river rat is lightly wounded.
You closely miss the river rat.
The river rat is lightly wounded.
The river rat bites you!
You die...

.....#...#...........##...# #
######...########....##...###8
#...# #....##....... #...#
#....##....... #...#
#.#######....# #...#
#........[.... ###...#####
##....(........
.######.........###...(.....≈≈≈..
............##..@r(.[(.....≈≈≈≈≈?
# #....)...#######........≈≈∩≈≈.
.. ##.$>.....# #.........≈≈≈≈≈.
#.##.....#.#.## ##.#.####...≈≈≈..
...#.#...........................
...#.#...#.#.####................
...#.#.......###...........!.....
...#.#......##..<......##......##
####.#......#..##.............##


You could see a river rat (very poisoned).

Vanquished Creatures
  Jessica (D:2)
  4 adders
  3 worms
  2 dart slugs (D:1)
  2 leopard geckos
  2 ball pythons (D:2)
  2 giant cockroaches (D:1)
  7 goblins
  11 hobgoblins
  3 jackals (D:3)
  6 kobolds
  2 quokkas (D:2)
  3 bats
  3 frilled lizards (D:2)
  4 rats (D:1)
55 creatures vanquished.

Vanquished Creatures (others)
  7 toadstools (D:1)
7 creatures vanquished.

Grand Total: 62 creatures vanquished

Notes
Turn   | Place    | Note
-------+----------+-------------------------------------------
     0 | D:1      | grindst0ne the Spriggan Assassin began the quest for the
                  | Orb.
     0 | D:1      | Reached XP level 1. HP: 10/10 MP: 2/2
    97 | D:1      | Reached skill level 6 in Stealth
   451 | D:1      | Reached XP level 2. HP: 14/14 MP: 3/3
  1295 | D:1      | Reached XP level 3. HP: 18/18 MP: 4/4
  1724 | D:2      | Reached skill level 7 in Stealth
  1850 | D:2      | Noticed Jessica
  1856 | D:2      | Killed Jessica
  1856 | D:2      | Reached XP level 4. HP: 22/22 MP: 5/5
  2549 | D:3      | Reached skill level 5 in Dodging
  2549 | D:3      | Reached skill level 8 in Stealth
  2612 | D:3      | Found a glowing drain.
  2645 | D:3      | Slain by a river rat

Illustrated notes

Levels and vault maps discovered:
D:1:      nagdon_arrival_zigzag_paths, layout_basic
D:2:      layout_rooms, first_ration, uniq_jessica
D:3:      layout_rooms, portal_sewer_entry_a, serial_co_window_serial,
          co_window_of_opportunity_a, co_window_paths_b,
          co_window_of_opportunity_a, co_window_corner_a, co_window_paths_a,
          co_window_unsneaky_path_d, co_window_corner_ca, co_window_broadway_c,
          co_window_broadway_b, co_window_corner_b, co_window_4corner_a,
          glass_columns_c, glass_columns_a, glass_columns_a,
          guppyfry_early_orc_mine, uniq_grinder, uniq_terence

Skill      XL: |  1  2  3  4 |
---------------+-------------+-----
Stealth        | 6 7 8 |  8.0
Dodging        | 2 3 4 5 |  5.0
Fighting       | |  1.5
Short Blades   | |  2.1
Throwing       | |  2.0

Action                   |  1- 3 |  4- 6 || total
-------------------------+-------+-------++-------
Melee: Dagger            |    94 |    96 ||   190
Throw: Dart              |       |     5 ||     5
 Stab: Sleeping          |     9 |     8 ||    17
Armor: Robe              |     5 |    11 ||    16
Dodge: Dodged            |    53 |    82 ||   135

Table legend:
 A = Non-vault XP
 B = Vault XP
 C = Vault XP percentage of total XP
 D = Non-vault monster count
 E = Vault monster count
 F = Vault count percentage of total count
                 A         B        C        D         E       F
            +---------+---------+-------+---------+---------+-------
      Total |     153 |      37 |  19.5 |      54 |       1 |   1.8
            +---------+---------+-------+---------+---------+-------
        D:1 |      48 |       0 |   0.0 |      25 |       0 |   0.0
        D:2 |      64 |      37 |  36.6 |      21 |       1 |   4.5
        D:3 |      41 |       0 |   0.0 |       8 |       0 |   0.0
            +---------+---------+-------+---------+---------+-------
